 Dungeon Crawl Stone Soup version 0.28-a0-563-gf77a47075d (webtiles) character file.

Game seed: 3618214253210004861

2 Shayle the Skirmisher (level 1, -1/22 HPs)
             Began as an Ogre Warper on Sept 30, 2021.
             Succumbed to a kobold's poison
             ... on level 1 of the Dungeon.
             The game lasted 00:00:49 (267 turns).

Shayle the Skirmisher (Ogre Warper)                  Turns: 267, Time: 00:00:49

Health: -1/22      AC:  3    Str: 14    XL:     1   Next: 30%
Magic:  3/3        EV:  9    Int: 14    God:
Gold:   9          SH:  0    Dex:  8    Spells: 4/4 levels left

rFire   . . .      SeeInvis .   a - +0 spear
rCold   . . .      Faith    .   (no shield)
rNeg    . . .      Spirit   .   b - +0 robe
rPois   .          Reflect  .   (helmet restricted)
rElec   .          Harm     .   (no cloak)
rCorr   .          Rampage  .   (gloves unavailable)
Will    .....                   (boots unavailable)
Stlth   +.........              (no amulet)
HPRegen 0.07/turn               (no ring)
MPRegen 0.08/turn               (no ring)

@: lethally poisoned (-1 -> -20)
A: large, unfitting armour, tough skin 1
a: no special abilities


You were on level 1 of the Dungeon.
You visited 1 branch of the dungeon, and saw 1 of its levels.

You collected 9 gold pieces.

Inventory:

Hand Weapons
 a - a +0 spear (weapon)
Missiles
 d - 5 boomerangs of dispersal (quivered)
Armour
 b - a +0 robe (worn)
Jewellery
 e - a ring of magical power
Scrolls
 c - 2 scrolls of blinking
 f - a scroll of identify {unknown}


   Skills:
 + Level 2.8 Fighting
 + Level 2.0 Polearms
 - Level 1.0 Throwing
 + Level 2.1 Dodging
 - Level 2.4 Spellcasting
 - Level 2.6 Translocations


You had 4 spell levels left.
You didn't know any spells.
Your spell library contained the following spells:

 Spells                   Type           Power      Damage    Failure   Level
 Blink                    Tloc           N/A        N/A       12%         2
 Gell's Gravitas          Tloc           4%         N/A       22%         3
 Lesser Beckoning         Tloc           9%         N/A       22%         3
 Teleport Other           Tloc           9%         N/A       22%         3
 Manifold Assault         Tloc           9%         N/A       91%         5


Dungeon Overview and Level Annotations

Branches:
Dungeon (1/15)

Altars:


Innate Abilities, Weirdness & Mutations

You are too large for most types of armour.
You have tough skin. (AC +1)


Message History

There is an open door here.
Found a stone staircase leading down.
c - 2 scrolls of blinking (gained 1)
You now have 9 gold pieces.
A goblin comes into view. It is wielding a +0 club.
The goblin shouts!
A kobold comes into view. It is wielding a +1 dagger of venom.
The kobold shouts!
A bat comes into view.
The bat moves out of view.
The goblin hits you with a +0 club.
You closely miss the goblin. The goblin hits you but does no damage.
You closely miss the goblin. The goblin barely misses you.
You hit the goblin.
You kill the goblin!
You closely miss the kobold. The kobold completely misses you.
You hit the kobold.
The kobold is heavily wounded.
The kobold hits you with a +1 dagger of venom.
You are poisoned.
You closely miss the kobold.
The kobold is heavily wounded.
You feel sick. The kobold hits you but does no damage.
You closely miss the kobold.
The kobold is heavily wounded.
You feel sick. The kobold hits you but does no damage.
You are lethally poisoned!
You hit the kobold.
The kobold is severely wounded.
You feel very sick.
The kobold hits you with a +1 dagger of venom.
You closely miss the kobold.
The kobold is severely wounded.
You feel sick.
The kobold hits you with a +1 dagger of venom.
* * * LOW HITPOINT WARNING * * *
You are more poisoned.
You closely miss the kobold.
The kobold is severely wounded.
You die...

########......#
#.....##......# .
#.....##......# ...
#.....##......#####.....
##.................K.....
...........>........g......
.#######....####.#####.....
#....####K# ....
#.......#@# ...
#.......#.##########
###.....#.........
#.....#.........
#.....#.........
#.....#.######## #.....#.#
#.....#.## #...(.#..#


You could see a kobold.

Vanquished Creatures
  A goblin (D:1)
  A kobold (D:1)
2 creatures vanquished.

Notes
Turn   | Place    | Note
-------+----------+-------------------------------------------
     0 | D:1      | Shayle the Ogre Warper began the quest for the Orb.
     0 | D:1      | Reached XP level 1. HP: 22/22 MP: 3/3
   267 | D:1      | Succumbed to a kobold's poison

Illustrated notes

Levels and vault maps discovered:
D:1:      minmay_arrival_four_loops, layout_basic

Action                   || total
-------------------------++-------
Melee: Spear             ||    13
Armor: Robe              ||     3
Dodge: Dodged            ||     3

Table legend: (Time is in decaauts)
 A = Elapsed time spent in this place.
 B = Non-inter-level travel time spent in this place.
 C = Inter-level travel time spent in this place.
 D = Time resting spent in this place.
 E = Time spent auto-exploring this place.
 F = Levels seen in this place.
 G = Mean time per level.
                   A        B        C        D        E       F      G
               +--------+--------+--------+--------+--------+-----+--------+
         Total |    267 |    267 |      0 |      0 |    233 |   1 |  267.0 |
       Dungeon |    267 |    267 |      0 |      0 |    233 |   1 |  267.0 |
               +--------+--------+--------+--------+--------+-----+--------+

Top non-repeatable levels by time:
     D:1: 267 daAuts
